 Dungeon Crawl Stone Soup version 0.31-a0-339-gda1cbd555d (webtiles) character file.

Game seed: 11666994305517841933

1063 arthad the Thaumaturge (level 8, -5/60 HPs)
             Began as a Gnoll Wanderer on July 21, 2023.
             Was a Follower of Vehumet.
             Slain by an orc priest
             ... wielding a +0 whip
              (6 damage)
             ... on level 6 of the Dungeon.
             The game lasted 00:10:44 (4647 turns).

arthad the Thaumaturge (Gnoll Wanderer)             Turns: 4647, Time: 00:10:44

Health: -5/60      AC:  4    Str:  9    XL:     8   Next: 27%
Magic:  20/32      EV: 17    Int: 11    God:    Vehumet [*.....]
Gold:   261        SH:  5    Dex: 17    Spells: 27/30 levels left

rFire   . . .        g - +0 dagger (drain)
rCold   . . .        b - +0 buckler
rNeg    . . .        d - +0 robe
rPois   .            e - +0 helmet
rElec   .            t - +0 cloak
rCorr   .            (no gloves)
SInv    .            (no boots)
Will    .....        (no amulet)
Stlth   ++           l - ring of magical power
HPRegen 0.30/turn    q - +5 ring of evasion
MPRegen 0.23/turn

%: no passive effects
@: very slightly contaminated
A: fangs 1, strong nose, distributed training
a: Renounce Religion


You were on level 6 of the Dungeon.
You worshipped Vehumet.
Vehumet was aware of your devotion.
You visited 1 branch of the dungeon, and saw 6 of its levels.

You collected 294 gold pieces.
You spent 33 gold pieces at shops.

Inventory:

Hand Weapons
 a - a +0 short sword
 g - a +0 dagger of draining (weapon)
Armour
 b - a +0 buckler (worn)
 d - a +0 robe (worn)
 e - a +0 helmet (worn)
 t - a +0 cloak (worn)
 w - a +3 tower shield
Jewellery
 l - a ring of magical power (left hand)
 q - a +5 ring of evasion (right hand)
 r - a ring of willpower
Talismans
 A - a dragon-blood talisman
Scrolls
 j - a scroll of identify
 m - a scroll of torment {unknown}
 n - a scroll of enchant weapon {unknown}
 o - a scroll of vulnerability {unknown}
 s - a scroll of poison {unknown}
 v - a scroll of fear {unknown}
 x - a scroll of blinking {unknown}
 y - a scroll of silence {unknown}
Potions
 c - 2 potions of berserk rage
 h - a potion of might {unknown}
 i - 2 potions of curing
 p - 2 potions of lignification
 u - a potion of ambrosia {unknown}


   Skills:
 + Level 4.1 Fighting
 + Level 5.6 Short Blades
 + Level 3.2 Long Blades
 + Level 3.2 Axes
 + Level 3.2 Maces & Flails
 + Level 3.2 Polearms
 + Level 3.2 Staves
 + Level 3.2 Ranged Weapons
 + Level 3.2 Throwing
 + Level 3.2 Armour
 + Level 3.2 Dodging
 + Level 3.2 Stealth
 + Level 4.1 Shields
 + Level 3.2 Unarmed Combat
 + Level 11.7 Spellcasting
 + Level 2.6 Conjurations
 + Level 2.6 Hexes
 + Level 2.6 Summonings
 + Level 2.6 Necromancy
 + Level 2.6 Translocations
 + Level 2.6 Transmutations
 + Level 2.6 Fire Magic
 + Level 2.6 Ice Magic
 + Level 2.6 Air Magic
 + Level 2.6 Earth Magic
 + Level 2.6 Poison Magic
 + Level 3.5 Invocations
 + Level 3.2 Evocations
 + Level 2.6 Shapeshifting


You had 27 spell levels left.
You knew the following spells:

 Your Spells              Type           Power      Damage    Failure   Level
a - Sandblast             Erth           24%        2d8       5%          1
b - Blink                 Tloc           24%        N/A       9%          2

Your spell library contained the following spells:

 Spells                   Type           Power      Damage    Failure   Level
 Shock                    Conj/Air       48%        1d6       5%          1
 Cigotuvi's Dreadful Rot  Necr/Pois/Air  24%        N/A       9%          2
 Ozocubu's Armour         Ice            12%        N/A       16%         3
 Volatile Blastmotes      Fire/Tloc      24%        2d12      16%         3
 Fulminant Prism          Conj/Hex       6%         3d7       47%         4
 Iskenderun's Mystic Bla  Conj/Tloc      12%        2d5       47%         4


Dungeon Overview and Level Annotations

Branches:
Dungeon (6/15)
 Temple: D:4-7

Altars:
Dithmenos
Vehumet

Shops:
D:1 !


Innate Abilities, Weirdness & Mutations

You have very sharp teeth.
Your uncanny sense of smell can sniff out nearby items.
Your experience applies equally to all skills.


Message History

The orc priest hits you with a +0 whip. You block the gnoll's attack.
The orc priest attacks as you move away!
The orc priest closely misses you.
You hear some strange, mumbled words.
A magic dart appears from out of thin air!
The magic dart hits you!
* * * LOW HITPOINT WARNING * * *
The gnoll hits you from afar with a +0 spear!
* * * LOW HITPOINT WARNING * * *
You feel better.
You feel stable enough to blink again. Something closely misses you.
The orc priest closely misses you.
The gnoll hits you from afar with a +0 spear.
* * * LOW HITPOINT WARNING * * *
You block the orc's attack.
Casting: Blink (safe; 9% risk of failure)
Confirm with . or Enter, or press ? or * to list all spells.
You miscast Blink.
You are very lightly contaminated with residual magic.
Nothing appears to happen.
You block something's attack. The orc priest hits you with a +0 whip.
* * * LOW HITPOINT WARNING * * *
The gnoll hits you from afar with a +0 spear!
* * * LOW HITPOINT WARNING * * *
The orc completely misses you.
Casting: Blink (safe; 9% risk of failure)
Confirm with . or Enter, or press ? or * to list all spells.
You miscast Blink.
Nothing appears to happen.
You hear some strange, mumbled words.
A puff of flame appears from out of thin air!
The puff of flame hits you.
* * * LOW HITPOINT WARNING * * *
The orc priest barely misses you. The gnoll barely misses you.
The gnoll misses you. You block the orc's attack.
Casting: Blink (safe; 9% risk of failure)
Confirm with . or Enter, or press ? or * to list all spells.
You miscast Blink.
Nothing appears to happen.
Something hits you but does no damage. The gnoll closely misses you.
The gnoll completely misses you. The orc priest hits you with a +0 whip.
You die...

#(# # #. #.. .#.
##.# #.# ..o #...
#.# .. ∆ #...
#g##)#..# #...
#g......# #...
#o##.#.##
####...#####.# ..
........@oo.).#.#
.#
.......go{†....#
..
.........g..##.#
#. #
##.#...#.#### ..#
..#§§....#.# ∆...
#..§§....#.# .###
#.§.§...#.# #
#.........#
######.#######


You could see an orc priest, 2 gnolls and 2 orcs.

Vanquished Creatures
  Pikel (D:5)
  A black bear (D:5)
  A sky beast (D:6)
  An ogre (D:6)
  A hound (D:5)
  A jelly (D:4)
  A sleepcap (D:6)
  2 iguanas
  An orc wizard (D:3)
  A gnoll (D:6)
  9 adders
  2 dart slugs
  10 orcs
  7 ball pythons
  8 endoplasms
  5 giant cockroaches
  2 goblins
  10 hobgoblins
  9 jackals
  6 kobolds
  A quokka (D:4)
  6 bats
  A frilled lizard (D:2)
  6 rats
93 creatures vanquished.

Vanquished Creatures (others)
  2 lemures (D:5)
2 creatures vanquished.

Grand Total: 95 creatures vanquished

Notes
Turn   | Place    | Note
-------+----------+-------------------------------------------
     0 | D:1      | Reached skill level 11 in Spellcasting
     0 | D:1      | arthad the Gnoll Wanderer began the quest for the Orb.
     0 | D:1      | arthad set off with the following items: a +0 short sword,
                  | a +0 buckler, a potion of berserk rage, a +0 robe; and the
                  | following spell memorised: Sandblast; and the following
                  | spells available to memorise: Blink, Cigotuvi's Dreadful
                  | Rot, Ozocubu's Armour.
     0 | D:1      | Reached XP level 1. HP: 17/17 MP: 12/12
   228 | D:1      | Reached XP level 2. HP: 22/23 MP: 10/14
   395 | D:1      | Found Himuxuf's Distillery.
   474 | D:1      | Bought a potion of curing for 33 gold pieces
   535 | D:1      | Reached XP level 3. HP: 28/28 MP: 15/15
   981 | D:2      | Reached skill level 1 in Invocations
  1024 | D:2      | Learned a level 2 spell: Blink
  1141 | D:2      | Reached skill level 1 in Long Blades
  1141 | D:2      | Reached skill level 1 in Axes
  1141 | D:2      | Reached skill level 1 in Maces & Flails
  1141 | D:2      | Reached skill level 1 in Polearms
  1141 | D:2      | Reached skill level 1 in Staves
  1141 | D:2      | Reached skill level 1 in Ranged Weapons
  1141 | D:2      | Reached skill level 1 in Throwing
  1141 | D:2      | Reached skill level 1 in Armour
  1141 | D:2      | Reached skill level 1 in Dodging
  1141 | D:2      | Reached skill level 1 in Stealth
  1141 | D:2      | Reached skill level 1 in Unarmed Combat
  1141 | D:2      | Reached skill level 1 in Evocations
  1205 | D:2      | Reached XP level 4. HP: 29/34 MP: 17/17
  1494 | D:3      | Found a faded altar of an unknown god.
  1520 | D:3      | Reached skill level 1 in Conjurations
  1520 | D:3      | Reached skill level 1 in Hexes
  1520 | D:3      | Reached skill level 1 in Summonings
  1520 | D:3      | Reached skill level 1 in Necromancy
  1520 | D:3      | Reached skill level 1 in Translocations
  1520 | D:3      | Reached skill level 1 in Transmutations
  1520 | D:3      | Reached skill level 1 in Fire Magic
  1520 | D:3      | Reached skill level 1 in Ice Magic
  1520 | D:3      | Reached skill level 1 in Air Magic
  1520 | D:3      | Reached skill level 1 in Earth Magic
  1520 | D:3      | Reached skill level 1 in Poison Magic
  1520 | D:3      | Reached skill level 1 in Shapeshifting
  1718 | D:3      | Reached XP level 5. HP: 25/40 MP: 18/18
  1918 | D:3      | Found a radiant altar of Vehumet.
  1936 | D:3      | Became a worshipper of Vehumet
  2677 | D:4      | Reached * piety under Vehumet
  2677 | D:4      | Offered knowledge of Shock by Vehumet.
  2783 | D:4      | Reached XP level 6. HP: 47/47 MP: 20/20
  3573 | D:5      | Entered Level 5 of the Dungeon
  3661 | D:5      | Noticed a black bear
  3682 | D:5      | Killed a black bear
  3683 | D:5      | Reached skill level 5 in Short Blades
  3984 | D:5      | Noticed Pikel
  4011 | D:5      | Killed Pikel
  4012 | D:5      | Reached XP level 7. HP: 44/53 MP: 22/22
  4051 | D:5      | Reached XP level 8. HP: 60/60 MP: 23/23
  4416 | D:6      | Found a shadowy altar of Dithmenos.
  4645 | D:6      | HP: 3/60 [gnoll/+0 spear[a gnoll bouda] (7)]
  4646 | D:6      | HP: 1/60 [something/puff of flame (3)]
  4647 | D:6      | Slain by an orc priest

Illustrated notes

Levels and vault maps discovered:
D:1:      amcnicky_arrival_abandoned_market, layout_basic, serial_shops, shop
D:2:      layout_rooms
D:3:      layout_rooms, nicolae_vehumet_radiance, basic_ecumenical_altar
D:4:      layout_basic
D:5:      layout_loops_cross, uniq_pikel
D:6:      layout_loops_cross, grunt_dithmenos_smoke, temple_doors_e

Skill      XL: |  1  2  3  4  5  6  7  8 |
---------------+-------------------------+-----
Spellcasting   | | 11.7
Invocations    | 1 2 3 |  3.5
Long Blades    | 1 2 3 |  3.2
Axes           | 1 2 3 |  3.2
Maces & Flails | 1 2 3 |  3.2
Polearms       | 1 2 3 |  3.2
Staves         | 1 2 3 |  3.2
Ranged Weapons | 1 2 3 |  3.2
Throwing       | 1 2 3 |  3.2
Armour         | 1 2 3 |  3.2
Dodging        | 1 2 3 |  3.2
Stealth        | 1 2 3 |  3.2
Unarmed Combat | 1 2 3 |  3.2
Evocations     | 1 2 3 |  3.2
Conjurations   | 1 2 |  2.6
Hexes          | 1 2 |  2.6
Summonings     | 1 2 |  2.6
Necromancy     | 1 2 |  2.6
Translocations | 1 2 |  2.6
Transmutations | 1 2 |  2.6
Fire Magic     | 1 2 |  2.6
Ice Magic      | 1 2 |  2.6
Air Magic      | 1 2 |  2.6
Earth Magic    | 1 2 |  2.6
Poison Magic   | 1 2 |  2.6
Shapeshifting  | 1 2 |  2.6
Fighting       | 3 4 |  4.1
Shields        | 3 4 |  4.1
Short Blades   | 5 |  5.6

Action                     |  1- 3 |  4- 6 |  7- 9 || total
---------------------------+-------+-------+-------++-------
  Melee: Dagger            |    20 |    43 |    16 ||    79
         Bite              |     2 |     4 |     2 ||     8
  Throw: Dart              |       |     4 |     2 ||     6
   Cast: Sandblast         |    59 |   151 |    34 ||   244
         Blink             |       |     2 |     2 ||     4
  Evoke: Wand              |       |     3 |       ||     3
    Use: Scroll            |       |     1 |     3 ||     4
         Potion            |       |       |     2 ||     2
 Armour: Robe              |    19 |    18 |     9 ||    46
  Dodge: Dodged            |    35 |    97 |    41 ||   173
  Block: Buckler           |    15 |    35 |    15 ||    65

Table legend: (Time is in decaauts)
 A = Elapsed time spent in this place.
 B = Non-inter-level travel time spent in this place.
 C = Inter-level travel time spent in this place.
 D = Time resting spent in this place.
 E = Time spent auto-exploring this place.
 F = Levels seen in this place.
 G = Mean time per level.
                   A        B        C        D        E       F      G
               +--------+--------+--------+--------+--------+-----+--------+
         Total |   4751 |   4587 |    164 |    153 |   3573 |   6 |  791.8 |
       Dungeon |   4751 |   4587 |    164 |    153 |   3573 |   6 |  791.8 |
               +--------+--------+--------+--------+--------+-----+--------+

Top non-repeatable levels by time:
     D:4: 1394 daAuts
     D:1: 877 daAuts
     D:5: 771 daAuts
     D:3: 739 daAuts
     D:2: 639 daAuts
     D:6: 329 daAuts
